cohdb
Replays
Latest Replays
All Replays
Popular Replays
Top Player Replays
Match Explorer
How It Works
Community
CoH3 Stats
Reddit
Sign in to upload your games and track your stats! →
Sign in with Steam
Match 47453181
Unlisted
Match 47453181
Overview
Messages
Build Orders
End
Construct Barracks
Selects Armored Battlegroup
Selects Veteran Crews
1⁄4-ton 4x4 Truck
Riflemen Squad
M1 Mortar Team
Grenade Package
Construct Weapon Support Center
Air Support Center
Riflemen Squad
Grasshopper Recon Run
Selects Fast Deploy
M3 Armored Personnel Carrier
Bazooka Squad
Riflemen Squad
Grasshopper Recon Run
M3 Armored Personnel Carrier
M3 Armored Personnel Carrier
Grasshopper Recon Run
Riflemen Squad
P-47 Strafing Run
Engineer Squad
Grasshopper Recon Run
Riflemen Squad
Selects M8 Scott SPG
Grasshopper Recon Run
M1918 Browning Automatic Rifles
Riflemen Squad
Grasshopper Recon Run
Construct Tank Depot
Grasshopper Recon Run
Selects UNKNOWN (2160077)
Selects M31 Recovery Vehicle
Selects War Machine
M4A3E8 Sherman Easy Eight
Riflemen Squad
Grasshopper Recon Run
M31 Recovery Vehicle
Grasshopper Recon Run
M18 Hellcat Tank Destroyer
Riflemen Squad
Engineer Squad
Grasshopper Recon Run
Riflemen Squad
Grasshopper Recon Run
AI Takeover
DarkShadow0o7
Jonnies
Licadis
✠ ACHELION
Gear-IV-D
ElZocko
0
0
Comments
sign in to comment!
No comments posted yet!